 Dungeon Crawl Stone Soup version 0.29-a0-369-gd956c00756 (webtiles) character file.

Game seed: 13368392559241489645

25 YayAnonymity the Ruffian (level 2, -3/28 HPs)
             Began as a Troll Gladiator on May 2, 2022.
             Slain by a black bear (6 damage)
             ... on level 2 of the Dungeon.
             The game lasted 00:01:13 (1207 turns).

YayAnonymity the Ruffian (Troll Gladiator)          Turns: 1207, Time: 00:01:13

Health: -3/28      AC:  4    Str: 21    XL:     2   Next: 82%
Magic:  1/1        EV: 10    Int:  4    God:
Gold:   36         SH:  0    Dex: 11    Spells: 1/1 levels left

rFire   . . .      SeeInvis .     - Unarmed
rCold   . . .      Faith    .   (no shield)
rNeg    . . .      Spirit   .   a - +0 robe
rPois   .          Reflect  .   b - +0 hat
rElec   .          Harm     .   (no cloak)
rCorr   .          Rampage  .   (gloves unavailable)
Will    .....                   (boots unavailable)
Stlth   +.........              (no amulet)
HPRegen 0.89/turn               (no ring)
MPRegen 0.07/turn               (no ring)

@: no status effects
A: large, unfitting armour, claws 3, regeneration 1, shaggy fur 1, tough skin 1
a: no special abilities


You were on level 2 of the Dungeon.
You visited 1 branch of the dungeon, and saw 2 of its levels.

You collected 36 gold pieces.

Inventory:

Missiles
 c - 3 throwing nets (quivered)
 d - a large rock
Armour
 a - a +0 robe (worn)
 b - a +0 hat (worn)
Scrolls
 f - 4 scrolls of identify {unknown}
 h - a scroll of amnesia {unknown}
 i - a scroll of teleportation {unknown}
Potions
 e - a potion of degeneration {unknown}
 g - a potion of curing {unknown}
 j - a potion of heal wounds {unknown}


   Skills:
 + Level 1.8 Fighting
 - Level 1.7 Throwing
 + Level 2.6 Dodging
 * Level 3.7 Unarmed Combat


You had one spell level left.
You didn't know any spells.
Your spell library contained the following spells:

 Spells                   Type           Power      Damage    Failure   Level
 Animate Skeleton         Necr           0%         N/A       50%         1
 Apportation              Tloc           0%         N/A       50%         1
 Summon Small Mammal      Summ           0%         N/A       50%         1


Dungeon Overview and Level Annotations

Branches:
Dungeon (2/15)

Altars:


Innate Abilities, Weirdness & Mutations

You are too large for most types of armour.
You have claws for hands.
Your natural rate of healing is unusually fast.
You are covered in fur. (AC +1)
You have tough skin. (AC +1)


Message History

The black bear is severely wounded.
The black bear bites you but does no damage.
The black bear barely misses you.
The black bear claws you but does no damage.
You barely miss the black bear.
The black bear is severely wounded.
The black bear closely misses you.
The black bear claws you but does no damage.
The black bear closely misses you.
You scratch the black bear but do no damage.
The black bear is severely wounded.
The black bear bites you but does no damage.
The black bear misses you. The black bear barely misses you.
You scratch the black bear but do no damage.
The black bear is severely wounded.
The black bear bites you. The black bear closely misses you. x2
You closely miss the black bear.
The black bear is severely wounded.
The black bear bites you. The black bear closely misses you.
The black bear claws you.
You scratch the black bear.
The black bear is severely wounded.
The black bear barely misses you.
The black bear claws you but does no damage.
The black bear misses you.
You closely miss the black bear.
The black bear is severely wounded.
The black bear goes berserk!
A hobgoblin comes into view.
You scratch the black bear.
The black bear is almost dead.
The black bear bites you. The black bear claws you.
The black bear claws you but does no damage.
You scratch the black bear.
The black bear is almost dead.
The black bear bites you!
* * * LOW HITPOINT WARNING * * *
The black bear claws you but does no damage. x2
The black bear bites you.
You die...

#....# #....#
#....# #....####
#......#
#......###..
#.###..........
#....<.....#######
#####@h...g.......
###.###....... #.#
....... #.#
.h..... #.#
....... #.#
....... #.#
....... #.#
.......


You could see a black bear (berserk) and a hobgoblin.

Vanquished Creatures
  A dart slug (D:1)
  A ball python (D:1)
  2 bats (D:1)
  An endoplasm (D:1)
  A giant cockroach (D:1)
  2 goblins (D:1)
  3 hobgoblins (D:1)
  3 kobolds (D:1)
  A quokka (D:1)
  A frilled lizard (D:1)
  5 rats (D:1)
21 creatures vanquished.

Notes
Turn   | Place    | Note
-------+----------+-------------------------------------------
     0 | D:1      | YayAnonymity the Troll Gladiator began the quest for the
                  | Orb.
     0 | D:1      | Reached XP level 1. HP: 19/19 MP: 0/0
    96 | D:1      | Found a faded altar of an unknown god.
   135 | D:1      | Reached XP level 2. HP: 28/28 MP: 1/1
  1189 | D:2      | Noticed a black bear
  1207 | D:2      | Slain by a black bear

Illustrated notes

Levels and vault maps discovered:
D:1:      lemuel_arrival_funnel, layout_basic, basic_ecumenical_altar,
          nicolae_figureground_pulse
D:2:      kennysheep_six_static_rooms, layout_basic, basic_altar,
          grunt_ministairs_3, hangedman_abyss_or_decor_stabs,
          uniq_crazy_yiuf_cottage

Action                   || total
-------------------------++-------
Melee: Unarmed           ||    49
       Punch             ||     2
 Stab: Sleeping          ||     1
Armor: Robe              ||    15
Dodge: Dodged            ||    32

Table legend: (Time is in decaauts)
 A = Elapsed time spent in this place.
 B = Non-inter-level travel time spent in this place.
 C = Inter-level travel time spent in this place.
 D = Time resting spent in this place.
 E = Time spent auto-exploring this place.
 F = Levels seen in this place.
 G = Mean time per level.
                   A        B        C        D        E       F      G
               +--------+--------+--------+--------+--------+-----+--------+
         Total |   1203 |   1179 |     24 |      0 |   1039 |   2 |  601.5 |
       Dungeon |   1203 |   1179 |     24 |      0 |   1039 |   2 |  601.5 |
               +--------+--------+--------+--------+--------+-----+--------+

Top non-repeatable levels by time:
     D:1: 1181 daAuts
     D:2: 22 daAuts
